 Dungeon Crawl Stone Soup version 0.25.1-2-g60ff931df9 (webtiles) character file.

Game seed: 13786240961203290395

240 funkygono the Shield-Bearer (level 6, -1/53 HPs)
             Began as a Hill Orc Fighter on Aug 6, 2020.
             Slain by a hound (3 damage)
             ... on level 4 of the Dungeon.
             The game lasted 00:08:10 (3590 turns).

funkygono the Shield-Bearer (Hill Orc Fighter)      Turns: 3590, Time: 00:08:10

Health: -1/53      AC: 13    Str: 21    XL:     6   Next: 8%
Magic:  6/6        EV:  4    Int:  8    God:
Gold:   119        SH: 17    Dex: 10    Spells: 5/5 levels left

rFire    . . .     SeeInvis .   c - -2 hunting sling (curse)
rCold    . . .     Gourm    .   o - +2 tower shield
rNeg     . . .     Faith    .   l - +0 chain mail
rPois    .         Spirit   .   (no helmet)
rElec    .         Reflect  .   y - +0 cloak
rCorr    .         Harm     .   h - +1 pair of gloves
MR       .....                  (no boots)
Stlth    ..........             (no amulet)
HPRegen  0.17/turn              (no ring)
MPRegen  0.10/turn              (no ring)

@: lethally poisoned (-1 -> -3)
A: no striking features
a: no special abilities


You were on level 4 of the Dungeon.
You were not hungry.

You visited 1 branch of the dungeon, and saw 4 of its levels.

You collected 119 gold pieces.

Inventory:

Hand Weapons
 a - a +1 war axe
 c - a cursed -2 hunting sling (weapon)
Missiles
 e - 42 stones (quivered)
 g - 21 poisoned darts
 n - 82 arrows
 t - 30 bolts
Armour
 b - a +0 scale mail
 h - a +1 pair of gloves (worn)
 l - a +0 chain mail (worn)
 o - a +2 tower shield (worn)
 y - a +0 cloak (worn)
Wands
 j - a wand of enslavement (11)
 v - a wand of paralysis (10)
Scrolls
 i - 4 scrolls of identify
 p - a scroll of fog
 r - a scroll of teleportation
Potions
 d - a potion of might
 k - a potion of curing
 m - a potion of lignification {unknown}
 q - a potion of resistance
 u - a potion of haste {unknown}
 w - a potion of flight {unknown}
Comestibles
 f - 4 rations
 s - a chunk of flesh


   Skills:
 + Level 4.7 Fighting
 + Level 3.5 Axes
 + Level 4.6 Armour
 + Level 0.4 Dodging
 + Level 5.3 Shields


You had 5 spell levels left.
You didn't know any spells.
Your spell library contained the following spells:

 Spells                   Type           Power        Failure   Level  Hunger
 Animate Skeleton         Necr           N/A          100%        1    ##.....
 Pain                     Necr           #...         100%        1    ##.....
 Vampiric Draining        Necr           #.........   100%        3    ####...
 Animate Dead             Necr           N/A          100%        4    #####..
 Agony                    Necr           #.......     100%        5    ######.


Dungeon Overview and Level Annotations

Branches:
Dungeon (4/15)
 Temple: D:4-7

Altars:
Gozag

Annotations:
D:3 3 runed translucent doors, Nebesus's ghost, amateur DsSu


Message History

Press: ? - help, Shift-Dir - straight line, f/p - hound
Aim: a hound (almost dead)
You shoot a stone. The stone misses the hound.
You feel sick. You block the hound's attack.
The adder bites you but does no damage. You block the hound's attack.
The adder bites you but does no damage.
Firing (i - inventory. (/) - cycle)
e - 44 stones (quivered)
Press: ? - help, Shift-Dir - straight line, f/p - hound
Aim: a hound (almost dead)
You shoot a stone. The stone misses the hound.
You feel sick. The hound bites you.
* * * LOW HITPOINT WARNING * * *
You block the adder's attack. You block the hound's attack.
Firing (i - inventory. (/) - cycle)
e - 43 stones (quivered)
Press: ? - help, Shift-Dir - straight line, f/p - hound
Aim: a hound (almost dead)
You shoot a stone. The stone closely misses the hound.
You block the adder's attack. The hound bites you.
* * * LOW HITPOINT WARNING * * *
You block the adder's attack. The hound bites you.
You die...

....##..#...##..
.....##.(.......
#....#..........
##.##...........
####..##....(....#
###......#.........# #
..............hS##....
.......<รท.....@(.....(
.......#..............
.......#.....##.......
.....#...........<.$..
...#.#...#.........##(
.. .................. .
.....#.........####.
.....####.#####.#


You could see a hound and an adder.

Vanquished Creatures
  Crazy Yiuf (D:3)
  A hound (D:3)
  A bullfrog skeleton (D:3)
  An iguana (D:4)
  Terence (D:3)
  A gnoll (D:2)
  2 adders (D:3)
  An ooze (D:1)
  2 dart slugs (D:1)
  2 leopard geckos
  An orc (D:3)
  4 giant cockroaches
  6 goblins
  5 hobgoblins
  7 jackals
  2 quokkas
  6 bats
  10 frilled lizards
  9 kobolds
  2 rats
65 creatures vanquished.

Vanquished Creatures (others)
  5 toadstools (D:1)
5 creatures vanquished.

Grand Total: 70 creatures vanquished

Notes
Turn   | Place    | Note
-------+----------+-------------------------------------------
     0 | D:1      | funkygono the Hill Orc Fighter began the quest for the Orb.
     0 | D:1      | Reached XP level 1. HP: 19/19 MP: 1/1
   112 | D:1      | Reached XP level 2. HP: 27/27 MP: 2/2
   364 | D:1      | Reached XP level 3. HP: 33/33 MP: 3/3
  1296 | D:2      | Reached skill level 4 in Shields
  1525 | D:2      | Found an opulent altar of Gozag.
  1588 | D:2      | Reached XP level 4. HP: 33/40 MP: 4/4
  2305 | D:3      | Noticed Nebesus's ghost (amateur DsSu)
  2306 | D:3      | Found a runed translucent gate.
  2306 | D:3      | Found a runed translucent gate.
  2306 | D:3      | Found a runed translucent gate.
  2683 | D:3      | Noticed Terence
  2716 | D:3      | Killed Terence
  2716 | D:3      | Reached XP level 5. HP: 42/47 MP: 5/5
  2787 | D:3      | Reached skill level 5 in Shields
  3275 | D:3      | Found a runed translucent door.
  3276 | D:3      | Noticed Crazy Yiuf
  3299 | D:3      | Killed Crazy Yiuf
  3539 | D:4      | Reached XP level 6. HP: 51/53 MP: 6/6
  3590 | D:4      | HP: 2/53 [hound (3)]
  3590 | D:4      | Slain by a hound

Illustrated notes

Levels and vault maps discovered:
D:1:      ldierk_walled_garden, layout_basic, minmay_lizard_pond
D:2:      layout_basic, nicolae_gozag_cash_rules_everything_around_me
D:3:      layout_basic, gammafunk_ghost_split, minmay_misc_feat_x,
          uniq_crazy_yiuf_cottage, uniq_terence
D:4:      layout_cave_pools, nicolae_elemental_shop, uniq_menkaure,
          uniq_blork_the_orc

Skill      XL: |  1  2  3  4  5 |
---------------+----------------+-----
Fighting       | 4 |  4.7
Axes           | 3 |  3.5
Shields        | 4 5 |  5.3
Armour         | 4 |  4.6
Dodging        | |  0.4

Action                   |  1- 3 |  4- 6 || total
-------------------------+-------+-------++-------
Melee: War axe           |   120 |       ||   120
       Hunting sling     |       |    12 ||    12
 Fire: Hunting sling     |    56 |   258 ||   314
Throw: Dart              |     7 |       ||     7
  Use: Scroll            |     6 |     2 ||     8
  Eat: Chunk             |     2 |     7 ||     9
Armor: Scale mail        |    29 |       ||    29
       Chain mail        |    47 |   147 ||   194
Dodge: Dodged            |    31 |    26 ||    57
Block: Kite shield       |    58 |       ||    58
       Tower shield      |    40 |   313 ||   353
